[Event "ICC tourney 2876 (40 10)"]
[Site "Internet Chess Club"]
[Date "2022.04.09"]
[Round "2"]
[White "YU, AVERY:Averyyu321"]
[Black "KU, HUNTER:petitejudo"]
[Result "1-0"]
[ICCResult "Black checkmated"]
[WhiteElo "1669"]
[BlackElo "1194"]
[Opening "Sicilian: Prins (Moscow) variation"]
[ECO "B55"]
[NIC "SI.01"]
[Time "13:15:12"]
[PlyCount "141"]
[TimeControl "2400+10"]

1. e4 c5 2. Nf3 d6 3. d4 cxd4 4. Nxd4 Nf6 5. f3 a6 6. c4 e5 7. Nc2 Be7 8.
Be3 O-O 9. Be2 Be6 10. O-O Nc6 11. Nc3 Rc8 12. Qd2 Nd7 13. Rac1 f5 14. exf5
Bxf5 15. Bd3 Nb6 16. Bxf5 Rxf5 17. b3 Bg5 18. Ne4 Bxe3+ 19. Nxe3 Rf7 20.
Qxd6 Qh4 21. Rcd1 Rd8 22. Qe6 Nd7 23. Nd6 Qf6 24. Qxf7+ Qxf7 25. Nxf7 Kxf7
26. Nf5 Ncb8 27. Nd6+ Ke7 28. Nxb7 Rf8 29. Nd6 Nc6 30. Rfe1 Rf6 31. Ne4 Rg6
32. Ng3 Kd8 33. Nf5 Kc7 34. Rd2 Rg5 35. Red1 Nc5 36. Rd5 Nxb3 37. Nxg7 Rxg7
38. axb3 Nd4 39. R1xd4 exd4 40. Rxd4 Kc6 41. Rd5 Rb7 42. Ra5 Kb6 43. Rh5 Kc6
44. Kf2 Kd6 45. Rh6+ Kc5 46. Rxa6 Rxb3 47. Rh6 Rb7 48. Rh4 Rc7 49. g3 Ra7
50. Kg2 Ra2+ 51. Kh3 Ra7 52. Re4 Ra4 53. Kg4 Rxc4 54. Rxc4+ Kxc4 55. Kh5 Kd5
56. Kh6 Ke6 57. Kxh7 Kf7 58. g4 Kf6 59. h4 Kf7 60. g5 Ke6 61. g6 Kf6 62. g7
Kf5 63. g8=Q Kf4 64. Qg4+ Ke3 65. Qe4+ Kf2 66. Kg6 Kg3 67. Kg5 Kf2 68. Kg4
Kf1 69. Qc2 Kg1 70. Kg3 Kf1 71. Qf2# {Black checkmated} 1-0

[Event "ICC tourney 2876 (40 10)"]
[Site "Internet Chess Club"]
[Date "2022.04.09"]
[Round "2"]
[White "PRIYADARSHI, VED:ved2006"]
[Black "INDUKURI, SUHAS VARMA:Suhas12"]
[Result "1/2-1/2"]
[ICCResult "Game drawn by mutual agreement"]
[WhiteElo "1614"]
[BlackElo "1475"]
[Opening "QGD semi-Slav: Chigorin defense"]
[ECO "D46"]
[NIC "SL.08"]
[Time "13:15:13"]
[PlyCount "78"]
[TimeControl "2400+10"]

1. d4 Nf6 2. Nf3 e6 3. e3 d5 4. c4 c6 5. Nc3 Nbd7 6. Bd3 Bd6 7. O-O O-O 8.
b3 b6 9. Qc2 e5 10. dxe5 Nxe5 11. Nxe5 Bxe5 12. Ba3 Re8 13. Rad1 Bb7 14. Bf5
Qc7 15. g3 Rad8 16. Ne2 c5 17. Bh3 Bc6 18. Bg2 Qb7 19. Nf4 Bxf4 20. exf4 d4
21. Bxc6 Qxc6 22. Bb2 Re7 23. Rfe1 Rde8 24. Qd2 Re4 25. b4 Qe6 26. Rxe4 Qxe4
27. bxc5 bxc5 28. Ba3 Qf5 29. Kg2 Ne4 30. Re1 h6 31. Qd3 Re6 32. f3 Nxg3 33.
Qxf5 Nxf5 34. Rxe6 fxe6 35. Bxc5 Ne3+ 36. Kf2 Nxc4 37. Bxd4 a6 38. Ke2 Kf7
39. Kd3 Nd6 {Game drawn by mutual agreement} 1/2-1/2

[Event "ICC tourney 2876 (40 10)"]
[Site "Internet Chess Club"]
[Date "2022.04.09"]
[Round "3"]
[White "LIN, GABRIEL:danaglin"]
[Black "DUBE, DANIEL:betterone76"]
[Result "1-0"]
[ICCResult "Black resigns"]
[WhiteElo "1505"]
[BlackElo "1652"]
[Opening "Scandinavian (center counter) defense"]
[ECO "B01"]
[NIC "VO.17"]
[Time "15:31:07"]
[PlyCount "107"]
[TimeControl "2400+10"]

1. e4 d5 2. exd5 Qd7 3. d4 Qxd5 4. Nf3 Bg4 5. Be2 Nf6 6. Nc3 Qd8 7. O-O c6
8. Bg5 e6 9. Ne5 Bxe2 10. Qxe2 Qxd4 11. Rad1 Qb4 12. Ne4 Be7 13. Bxf6 gxf6
14. Ng4 f5 15. Ngf6+ Bxf6 16. Nxf6+ Ke7 17. Qe5 Rd8 18. Qc7+ Nd7 19. Rxd7+
Rxd7 20. Nxd7 Rg8 21. Ne5+ Kf6 22. Nxf7 Rg7 23. Qd6 Qg4 24. Qg3 Qxg3 25.
hxg3 Rxf7 26. Rd1 Ke7 27. Kf1 e5 28. Ke2 Ke6 29. Ke3 f4+ 30. gxf4 exf4+ 31.
Kf3 b5 32. Rd4 Ke5 33. Re4+ Kd5 34. Rxf4 Re7 35. Rf5+ Kd6 36. Rh5 a5 37. Rh1
Rf7+ 38. Ke3 Kc5 39. f4 Re7+ 40. Kf3 a4 41. g4 a3 42. Rb1 axb2 43. Rxb2 Kd4
44. Rb3 Rb7 45. f5 Ke5 46. Re3+ Kd5 47. g5 Rf7 48. f6 h6 49. Kg4 hxg5 50.
Kxg5 Kd4 51. Re7 Rf8 52. f7 Kd5 53. Kg6 Kd6 54. Re8 {Black resigns} 1-0

[Event "ICC tourney 2876 (40 10)"]
[Site "Internet Chess Club"]
[Date "2022.04.09"]
[Round "3"]
[White "LIU, JOSHUA:chessmaster0981"]
[Black "INDUKURI, SUHAS VARMA:Suhas12"]
[Result "1-0"]
[ICCResult "Black checkmated"]
[WhiteElo "1676"]
[BlackElo "1475"]
[Opening "Sicilian: Kan, Maróczy bind (Réti variation)"]
[ECO "B41"]
[NIC "SI.41"]
[Time "15:30:17"]
[PlyCount "55"]
[TimeControl "2400+10"]

1. e4 c5 2. Nf3 e6 3. d4 cxd4 4. Nxd4 a6 5. c4 Nc6 6. Nc3 Qc7 7. Be3 Nf6 8.
Be2 Bb4 9. f3 O-O 10. Qc2 Bc5 11. Qd2 d6 12. g4 Nd7 13. h4 Nb6 14. g5 Ne7
15. O-O-O Bb4 16. Qd3 d5 17. exd5 exd5 18. Nc2 Bxc3 19. Qxc3 Nxc4 20. Nb4
Qa5 21. Bxc4 dxc4 22. Kb1 Qf5+ 23. Ka1 b5 24. Bd4 g6 25. Bh8 f6 26. gxf6
Kxh8 27. f7+ Qf6 28. Qxf6# {Black checkmated} 1-0

[Event "ICC tourney 2876 (40 10)"]
[Site "Internet Chess Club"]
[Date "2022.04.09"]
[Round "3"]
[White "JACKSON, MASSIMO MATEO:Yeetamus123"]
[Black "ZHENG, ZHAOXIONG:normzheng"]
[Result "1/2-1/2"]
[ICCResult "Game drawn by repetition"]
[WhiteElo "1514"]
[BlackElo "1719"]
[Opening "King's pawn opening"]
[ECO "B07"]
[NIC "VO.17"]
[Time "15:30:12"]
[PlyCount "69"]
[TimeControl "2400+10"]

1. e4 d6 2. Nc3 Nf6 3. Bc4 Bg4 4. Nge2 e6 5. O-O d5 6. exd5 exd5 7. Bb3 c6
8. Qe1 Be7 9. h3 Bxe2 10. Qxe2 O-O 11. d4 Re8 12. Qf3 Nbd7 13. Bf4 b5 14. a4
b4 15. Ne2 Ne4 16. Ng3 Nxg3 17. Qxg3 Nf6 18. Bh6 Bf8 19. Bg5 Ne4 20. Bxd8
Nxg3 21. fxg3 Raxd8 22. Rae1 Bd6 23. g4 Bg3 24. Rd1 a5 25. Rd3 Bc7 26. Rdf3
Bb6 27. c3 f6 28. Rf4 Re2 29. R4f2 Rde8 30. Rxe2 Rxe2 31. Rf2 Re1+ 32. Rf1
Re2 33. Rf2 Re3 34. Rf3 Re2 35. Rf2 {Game drawn by repetition} 1/2-1/2

[Event "ICC tourney 2876 (40 10)"]
[Site "Internet Chess Club"]
[Date "2022.04.09"]
[Round "3"]
[White "Kobanenko, Mikhail:LightArt"]
[Black "DAS, ADITEYA:AdiD"]
[Result "0-1"]
[ICCResult "White checkmated"]
[WhiteElo "1568"]
[BlackElo "1492"]
[Opening "French: Steinitz, Boleslavsky variation"]
[ECO "C11"]
[NIC "FR.04"]
[Time "15:30:21"]
[PlyCount "68"]
[TimeControl "2400+10"]

1. e4 e6 2. d4 d5 3. Nc3 Nf6 4. e5 Nfd7 5. f4 c5 6. Nf3 Nc6 7. Be3 cxd4 8.
Nxd4 Bc5 9. Qd2 a6 10. h4 Qc7 11. h5 b5 12. h6 g6 13. Nxc6 Qxc6 14. O-O-O
Bb7 15. Bxc5 Nxc5 16. Bd3 d4 17. Ne2 Qxg2 18. f5 Qd5 19. fxg6 hxg6 20. Bxg6
O-O-O 21. Bd3 Qxa2 22. Qe1 Nxd3+ 23. cxd3 Bxh1 24. Qxh1 Qd5 25. Qh5 Rd7 26.
Kb1 Rc7 27. Rg1 Qb3 28. Nc1 Qc2+ 29. Ka1 Qd2 30. Nb3 Qxd3 31. Qh1 Qxb3 32.
Qa8+ Kd7 33. Qxh8 Rc2 34. Rb1 Qa4# {White checkmated} 0-1

[Event "ICC tourney 2876 (40 10)"]
[Site "Internet Chess Club"]
[Date "2022.04.09"]
[Round "3"]
[White "HOSUR, SANMITA:phosur"]
[Black "KHAIS, STEVEN:methodX17"]
[Result "1-0"]
[ICCResult "Black resigns"]
[WhiteElo "1250"]
[BlackElo "1501"]
[Opening "Queen's pawn game"]
[ECO "E00"]
[NIC "QP.07"]
[Time "15:30:11"]
[PlyCount "73"]
[TimeControl "2400+10"]

1. d4 Nf6 2. c4 e6 3. e3 d5 4. Nc3 Be7 5. Nf3 O-O 6. Qc2 c5 7. cxd5 exd5 8.
Bd2 cxd4 9. Nxd4 Nc6 10. a3 Nxd4 11. exd4 Bd6 12. Be2 Qc7 13. h3 Re8 14. O-O
Ne4 15. Bd3 Nxc3 16. bxc3 h6 17. Rfe1 Bd7 18. Qb3 Bc6 19. Be2 Re7 20. Bf3
Qa5 21. Qa2 Rxe1+ 22. Bxe1 Qa4 23. Bxd5 Bxd5 24. Qxd5 Bf4 25. Qxb7 Rb8 26.
Qf3 Bg5 27. Qg3 Rb3 28. h4 Bf6 29. Bd2 Kh7 30. Bc1 Rxc3 31. Qxc3 Bxd4 32.
Qd3+ Kh8 33. Rb1 Bxf2+ 34. Kxf2 Qxh4+ 35. Qg3 Qd4+ 36. Be3 Qf6+ 37. Qf4
{Black resigns}
1-0

[Event "ICC tourney 2876 (40 10)"]
[Site "Internet Chess Club"]
[Date "2022.04.09"]
[Round "3"]
[White "WILLY, STEPHEN:stephenwilly"]
[Black "YU, AVERY:Averyyu321"]
[Result "1-0"]
[ICCResult "Black resigns"]
[WhiteElo "1809"]
[BlackElo "1669"]
[Opening "Sicilian: Alapin's variation (2.c3)"]
[ECO "B22"]
[NIC "SI.46"]
[Time "15:30:14"]
[PlyCount "59"]
[TimeControl "2400+10"]

1. e4 c5 2. c3 g6 3. d4 cxd4 4. cxd4 Bg7 5. Nc3 d6 6. h4 h5 7. Nf3 Nc6 8.
Be3 Nh6 9. d5 Ne5 10. Nxe5 Bxe5 11. Bd4 Ng4 12. Qd2 Bd7 13. f3 Bg3+ 14. Kd1
Nf6 15. f4 Bg4+ 16. Kc2 Rc8 17. Bxf6 exf6 18. Qe3 Qe7 19. Qxg3 Qxe4+ 20. Bd3
Qxd5 21. Rae1+ Kf8 22. Kb1 Qa5 23. f5 Kg7 24. fxg6 Rc7 25. gxf7 Kxf7 26. Ne4
Be6 27. Nxd6+ Ke7 28. Nc4 Rxc4 29. Bxc4 Qf5+ 30. Ka1 {Black resigns} 1-0

[Event "ICC tourney 2876 (40 10)"]
[Site "Internet Chess Club"]
[Date "2022.04.09"]
[Round "3"]
[White "SEBBA, AMITAI:Amitai"]
[Black "Doan Giang, Nguyen Doan:Doctorstrange04"]
[Result "1-0"]
[ICCResult "Black checkmated"]
[WhiteElo "1723"]
[BlackElo "1821"]
[Opening "Sicilian: Smith-Morra gambit"]
[ECO "B21"]
[NIC "SI.47"]
[Time "15:30:24"]
[PlyCount "129"]
[TimeControl "2400+10"]

1. e4 c5 2. d4 cxd4 3. c3 Nf6 4. e5 Nd5 5. Nf3 Nc6 6. cxd4 d6 7. Bc4 Nb6 8.
Bb3 dxe5 9. d5 Na5 10. Nc3 f6 11. Nxe5 fxe5 12. Qh5+ g6 13. Qxe5 Rg8 14. Nb5
Nxb3 15. axb3 Nxd5 16. Qxd5 Qxd5 17. Nc7+ Kf7 18. Nxd5 Bf5 19. Bd2 Be4 20.
Ne3 Bg7 21. Bc3 Bh6 22. O-O Rgd8 23. Ng4 Bg5 24. Ne5+ Kg8 25. Ng4 h5 26. f4
Bh4 27. Nh6+ Kh7 28. Nf7 Rf8 29. Ng5+ Bxg5 30. fxg5 Bf5 31. Bb4 Rfe8 32.
Rfe1 e5 33. Rac1 Rac8 34. Rxc8 Bxc8 35. Rc1 Kg8 36. Rc7 a6 37. Kf2 b5 38.
Ke3 Bf5 39. Rc6 Rd8 40. Rxa6 Rd3+ 41. Ke2 Rxb3 42. Bc3 b4 43. Rb6 Rxc3 44.
bxc3 bxc3 45. Rb7 c2 46. Kd2 Kf8 47. Rb5 e4 48. Kxc2 Kf7 49. Rb6 e3+ 50. Kd1
Be4 51. Ke2 Bxg2 52. Kxe3 Bh3 53. Kf4 Bg2 54. Ke5 Kg7 55. Ra6 Bh3 56. Ra7+
Kg8 57. Kf6 Bf5 58. Rg7+ Kh8 59. Rxg6 Bg4 60. Rg7 h4 61. g6 h3 62. Rb7 Be6
63. Kxe6 Kg8 64. Kf6 Kh8 65. Rb8# {Black checkmated} 1-0

[Event "ICC tourney 2876 (40 10)"]
[Site "Internet Chess Club"]
[Date "2022.04.09"]
[Round "3"]
[White "WANG, JACOB S:JACOBCHESS857"]
[Black "VALE CRUZ, ARMIN:trucker"]
[Result "0-1"]
[ICCResult "White resigns"]
[WhiteElo "1397"]
[BlackElo "1623"]
[Opening "Pirc: classical system, 5.Be2"]
[ECO "B08"]
[NIC "PU.03"]
[Time "15:30:45"]
[PlyCount "62"]
[TimeControl "2400+10"]

1. e4 d6 2. d4 Nf6 3. Nc3 g6 4. Nf3 Bg7 5. Be2 O-O 6. O-O Nbd7 7. Bf4 Nh5 8.
Be3 e5 9. dxe5 dxe5 10. Qd2 c6 11. Rad1 Qc7 12. Bc4 Nb6 13. Bb3 Bg4 14. Qe2
Rad8 15. h3 Bc8 16. Bg5 Rde8 17. Rd3 h6 18. Be3 Be6 19. Qd1 Nc4 20. Bxc4
Bxc4 21. Rd7 Qc8 22. Re1 Rd8 23. Rxd8 Rxd8 24. Qc1 Kh7 25. b3 Be6 26. Bxa7
Bxh3 27. Bb6 Qg4 28. Nh4 Bxg2 29. Bxd8 g5 30. Nd1 Bf3+ 31. Kh2 Qxh4+
{White resigns}
0-1

[Event "ICC tourney 2876 (40 10)"]
[Site "Internet Chess Club"]
[Date "2022.04.09"]
[Round "3"]
[White "Tang, Austin:Mrpeetapizza"]
[Black "LOCHAM, DIVJOT SINGH:winner08"]
[Result "1-0"]
[ICCResult "Black checkmated"]
[WhiteElo "1835"]
[BlackElo "1750"]
[Opening "Ruy Lopez: Worrall attack, solid line"]
[ECO "C86"]
[NIC "RL.13"]
[Time "15:30:13"]
[PlyCount "73"]
[TimeControl "2400+10"]

1. e4 e5 2. Nf3 Nc6 3. Bb5 a6 4. Ba4 Nf6 5. O-O Be7 6. Qe2 b5 7. Bb3 d6 8.
c3 O-O 9. Rd1 Bg4 10. d3 a5 11. Nbd2 a4 12. Bc2 b4 13. h3 Bh5 14. Nf1 a3 15.
Ng3 Bg6 16. d4 axb2 17. Bxb2 bxc3 18. Bxc3 exd4 19. Nxd4 Nxd4 20. Bxd4 Qc8
21. Bb3 Nd7 22. Rac1 Bg5 23. Rc2 Nf6 24. Bxf6 Bxf6 25. Qc4 Ra7 26. Rxd6 Qe8
27. Rd1 Be5 28. Ne2 Bxe4 29. Rcd2 Bd6 30. Ng3 Bg6 31. Re2 Qb8 32. Ne4 Bb4
33. Nc5 Bxc5 34. Qxc5 Qa8 35. Red2 Qb7 36. Rd8 Ra8 37. Qxf8# {Black
checkmated} 1-0

[Event "ICC tourney 2876 (40 10)"]
[Site "Internet Chess Club"]
[Date "2022.04.09"]
[Round "3"]
[White "KU, HUNTER:petitejudo"]
[Black "PRIYADARSHI, VED:ved2006"]
[Result "0-1"]
[ICCResult "White checkmated"]
[WhiteElo "1194"]
[BlackElo "1614"]
[Opening "French: exchange variation"]
[ECO "C01"]
[NIC "FR.01"]
[Time "15:30:13"]
[PlyCount "136"]
[TimeControl "2400+10"]

1. e4 e6 2. d4 d5 3. exd5 exd5 4. c4 c6 5. Nc3 Nf6 6. Nf3 Bb4 7. h3 Ne4 8.
Bd2 Nxd2 9. Qxd2 Qe7+ 10. Be2 dxc4 11. O-O Be6 12. Rfe1 b5 13. Ng5 h6 14.
Nxe6 fxe6 15. Bg4 O-O 16. Rxe6 Qf7 17. Rae1 Kh8 18. a3 Ba5 19. Re7 Qg6 20.
Bd1 Bd8 21. Bc2 Qf6 22. R7e6 Qh4 23. Re8 Nd7 24. Bf5 Bg5 25. Qe2 Nf6 26.
Rxa8 Rxa8 27. Bg4 Nxg4 28. hxg4 Bf6 29. g3 Qg5 30. f4 Bxd4+ 31. Kg2 Qd8 32.
Rd1 Qb6 33. g5 c5 34. Qe4 Rd8 35. Rh1 Bxc3 36. bxc3 Qd6 37. g6 Qd2+ 38. Kh3
Qd7+ 39. Kh4 Re8 40. Rd1 Qc8 41. Qd5 Rg8 42. Qd7 Qa6 43. Qd8 Qxg6 44. Qd5
Qf6+ 45. Kh3 Qxc3 46. Qxc5 Qf3 47. Rc1 a6 48. a4 Qb7 49. Rb1 Qd7+ 50. Kh2
Qd2+ 51. Kh3 Qd7+ 52. Kh2 Rc8 53. Qf2 bxa4 54. Qb2 c3 55. Qc2 Qd2+ 56. Qxd2
cxd2 57. Rd1 Rc2 58. Kg2 a3 59. Kf2 a2 60. Ke2 Rc1 61. Rxd2 a1=Q 62. Rd8+
Kh7 63. Ke3 Qc3+ 64. Rd3 Re1+ 65. Kf3 Qxd3+ 66. Kg4 Rg1 67. f5 Qxg3+ 68. Kh5
Qg5# {White checkmated} 0-1

[Event "ICC tourney 2876 (40 10)"]
[Site "Internet Chess Club"]
[Date "2022.04.09"]
[Round "3"]
[White "HANKE, HARVEY:ThinkingPanda"]
[Black "Mason, Mike W:MikeWMason"]
[Result "0-1"]
[ICCResult "White forfeits on time"]
[WhiteElo "1642"]
[BlackElo "1500"]
[Opening "KGA: Fischer defense"]
[ECO "C34"]
[NIC "KG.02"]
[Time "15:30:32"]
[PlyCount "86"]
[TimeControl "2400+10"]

1. e4 e5 2. f4 exf4 3. Nf3 d6 4. Nc3 g5 5. d4 Bg7 6. g3 g4 7. Nh4 f3 8. Be3
Ne7 9. Qd2 h5 10. O-O-O a6 11. Re1 b5 12. Nf5 Nxf5 13. exf5 O-O 14. Bh6 Bb7
15. Bxg7 Kxg7 16. d5 Nd7 17. Ne4 f6 18. h3 Rh8 19. Nf2 Ne5 20. Qd4 Qd7 21.
Bd3 Qf7 22. Be4 Rac8 23. Kb1 c5 24. dxc6 Nxc6 25. Bxc6 Bxc6 26. hxg4 Rhe8
27. gxh5 Rxe1+ 28. Rxe1 Re8 29. Rd1 d5 30. Qg4+ Kh7 31. Qxf3 Qe7 32. Qd3 Qe2
33. Qxe2 Rxe2 34. Rf1 Kh6 35. g4 Kg5 36. Kc1 d4 37. Kd1 Re3 38. Rg1 Bf3+ 39.
Kc1 Re2 40. Nh3+ Kh6 41. b3 Be4 42. Kb1 Rxc2 43. Ka1 d3 {White forfeits on
time} 0-1

[Event "ICC tourney 2876 (40 10)"]
[Site "Internet Chess Club"]
[Date "2022.04.09"]
[Round "4"]
[White "LIU, JOSHUA:chessmaster0981"]
[Black "JACKSON, MASSIMO MATEO:Yeetamus123"]
[Result "1-0"]
[ICCResult "Black checkmated"]
[WhiteElo "1676"]
[BlackElo "1514"]
[Opening "Sicilian: accelerated fianchetto, modern variation"]
[ECO "B34"]
[NIC "SI.33"]
[Time "17:45:22"]
[PlyCount "49"]
[TimeControl "2400+10"]

1. e4 c5 2. Nf3 Nc6 3. d4 cxd4 4. Nxd4 g6 5. Nc3 Bg7 6. Be3 Nf6 7. f3 O-O 8.
Qd2 d5 9. exd5 Nxd5 10. Nxd5 Qxd5 11. c3 Rd8 12. Nxc6 bxc6 13. Bc4 Qa5 14.
Qe2 Rb8 15. O-O Bf5 16. Rfd1 e5 17. Rxd8+ Rxd8 18. Rd1 e4 19. fxe4 Rxd1+ 20.
Qxd1 Bxe4 21. Qd7 Qh5 22. Qe8+ Bf8 23. Qxf7+ Kh8 24. Bd4+ Bg7 25. Bxg7#
{Black checkmated}
1-0

[Event "ICC tourney 2876 (40 10)"]
[Site "Internet Chess Club"]
[Date "2022.04.09"]
[Round "4"]
[White "KU, HUNTER:petitejudo"]
[Black "Kobanenko, Mikhail:LightArt"]
[Result "0-1"]
[ICCResult "White checkmated"]
[WhiteElo "1194"]
[BlackElo "1568"]
[Opening "Sicilian: Smith-Morra gambit"]
[ECO "B21"]
[NIC "SI.48"]
[Time "17:45:12"]
[PlyCount "110"]
[TimeControl "2400+10"]

1. e4 c5 2. d4 cxd4 3. c3 dxc3 4. Nxc3 Nc6 5. Bc4 e6 6. Nf3 Bb4 7. O-O Nge7
8. Bg5 O-O 9. Rc1 a6 10. Qe2 Qc7 11. Rfd1 Ng6 12. a3 Be7 13. Be3 b5 14. Ba2
Bb7 15. b4 Rfd8 16. Nd4 Rac8 17. f3 Bd6 18. g3 Be7 19. Qf2 Re8 20. Nxc6 Bxc6
21. Ne2 Qb7 22. Nd4 Ne5 23. Nxc6 Rxc6 24. Bd4 Rxc1 25. Rxc1 Nd3 26. Qc2 Nxc1
27. Qxc1 Rc8 28. Qf4 Qc6 29. Bb3 h6 30. Qg4 Qc1+ 31. Kg2 Qd2+ 32. Kh3 Qxd4
33. Qf4 Bg5 34. Qg4 Qe3 35. f4 Bxf4 36. Bxe6 dxe6 37. Qxf4 Qxf4 38. gxf4
Rc3+ 39. Kg4 Rxa3 40. f5 exf5+ 41. Kxf5 Ra4 42. e5 Rxb4 43. e6 fxe6+ 44. Ke5
Rc4 45. h4 a5 46. h5 a4 47. Kd6 a3 48. Kd7 a2 49. Ke8 a1=Q 50. Kd7 Qd4+ 51.
Ke7 Qf6+ 52. Ke8 Qf7+ 53. Kd8 Rd4+ 54. Kc8 Qe7 55. Kb8 Rd8# {White
checkmated} 0-1

[Event "ICC tourney 2876 (40 10)"]
[Site "Internet Chess Club"]
[Date "2022.04.09"]
[Round "4"]
[White "WILLY, STEPHEN:stephenwilly"]
[Black "Tang, Austin:Mrpeetapizza"]
[Result "1-0"]
[ICCResult "Black checkmated"]
[WhiteElo "1809"]
[BlackElo "1835"]
[Opening "Sicilian: Alapin's variation (2.c3)"]
[ECO "B22"]
[NIC "SI.46"]
[Time "17:45:15"]
[PlyCount "131"]
[TimeControl "2400+10"]

1. e4 c5 2. c3 d5 3. exd5 Qxd5 4. Nf3 Nf6 5. Na3 e6 6. Bc4 Qd8 7. d4 Be7 8.
O-O O-O 9. Bf4 Nc6 10. dxc5 Bxc5 11. Nb5 Bd7 12. Nd6 Qb6 13. b4 Bxd6 14.
Bxd6 Rfd8 15. a4 a6 16. a5 Qa7 17. Qc2 Rac8 18. Qe2 Nd5 19. Bxd5 exd5 20.
Qd3 Bg4 21. Ng5 g6 22. Qxd5 b5 23. axb6 Qd7 24. Ne4 Qf5 25. b7 Qxd5 26. Nf6+
Kg7 27. Nxd5 Rxd6 28. bxc8=Q Bxc8 29. Rfd1 Ne5 30. Ne7 Rxd1+ 31. Rxd1 Be6
32. Nd5 f5 33. Re1 Nf3+ 34. gxf3 Bxd5 35. Ra1 Bc4 36. f4 Kf6 37. Kg2 Ke6 38.
Ra5 Bb5 39. Kf3 Kd5 40. Ke3 Kc4 41. Kd2 h6 42. h4 h5 43. f3 Kd5 44. Rxb5+
axb5 45. Kd3 Ke6 46. c4 bxc4+ 47. Kxc4 Kd6 48. b5 Kc7 49. Kd5 Kb6 50. Ke6
Kxb5 51. Kf6 Kc5 52. Kxg6 Kd5 53. Kxh5 Ke6 54. Kg6 Ke7 55. Kg7 Ke6 56. h5
Kd5 57. h6 Kd4 58. h7 Ke3 59. h8=Q Kxf3 60. Qh4 Kg2 61. Kf6 Kf1 62. Qh2 Ke1
63. Ke5 Kd1 64. Kd4 Kc1 65. Kc3 Kd1 66. Qd2# {Black checkmated} 1-0

[Event "ICC tourney 2876 (40 10)"]
[Site "Internet Chess Club"]
[Date "2022.04.09"]
[Round "4"]
[White "SEBBA, AMITAI:Amitai"]
[Black "LOPEZ, FRANCISCO JAVIER:steinutz"]
[Result "0-1"]
[ICCResult "White resigns"]
[WhiteElo "1723"]
[BlackElo "1641"]
[Opening "Scandinavian (center counter) defense"]
[ECO "B01"]
[NIC "SD.02"]
[Time "17:45:17"]
[PlyCount "74"]
[TimeControl "2400+10"]

1. e4 d5 2. exd5 Qxd5 3. Nc3 Qd8 4. Bc4 c6 5. Nf3 Bf5 6. d4 e6 7. h3 Nf6 8.
O-O Be7 9. Bf4 Nbd7 10. Qe2 O-O 11. Rad1 Nd5 12. Nxd5 cxd5 13. Bd3 Bxd3 14.
Rxd3 a6 15. Ne5 Rc8 16. Rg3 Nxe5 17. Bxe5 Bf6 18. Qg4 Bxe5 19. dxe5 g6 20.
c3 Rc4 21. f4 Qb6+ 22. Kh1 Qxb2 23. Qf3 Rfc8 24. Qd1 Rxc3 25. Rxc3 Rxc3 26.
Qa4 Rc1 27. Rxc1 Qxc1+ 28. Kh2 Kg7 29. Qb4 h5 30. h4 Qc4 31. Qd2 b5 32. g3
b4 33. Kg2 a5 34. Kf2 a4 35. Ke3 Qc3+ 36. Qxc3 bxc3 37. a3 Kf8 {White
resigns} 0-1

[Event "ICC tourney 2876 (40 10)"]
[Site "Internet Chess Club"]
[Date "2022.04.09"]
[Round "4"]
[White "LOCHAM, DIVJOT SINGH:winner08"]
[Black "LIN, GABRIEL:danaglin"]
[Result "1-0"]
[ICCResult "Black resigns"]
[WhiteElo "1750"]
[BlackElo "1505"]
[Opening "French: Tarrasch, closed variation, main line"]
[ECO "C06"]
[NIC "FR.17"]
[Time "17:45:34"]
[PlyCount "51"]
[TimeControl "2400+10"]

1. e4 e6 2. d4 d5 3. Nd2 Nf6 4. e5 Nfd7 5. c3 c5 6. Bd3 Nc6 7. Ne2 cxd4 8.
cxd4 f6 9. exf6 Nxf6 10. O-O Bd6 11. Nf3 O-O 12. Bf4 Qc7 13. Bxd6 Qxd6 14.
Ng3 Bd7 15. Re1 Kh8 16. Rc1 Rac8 17. Bb1 Qb4 18. Qd3 Qxb2 19. a3 Ne7 20.
Rxc8 Rxc8 21. Ng5 Qc3 22. Qd1 Qxa3 23. Ne2 Nc6 24. Nf4 Nd8 25. Nxh7 Qe7 26.
Ng6+ {Black resigns} 1-0

[Event "ICC tourney 2876 (40 10)"]
[Site "Internet Chess Club"]
[Date "2022.04.09"]
[Round "4"]
[White "HOSUR, SANMITA:phosur"]
[Black "HANKE, HARVEY:ThinkingPanda"]
[Result "0-1"]
[ICCResult "White forfeits on time"]
[WhiteElo "1250"]
[BlackElo "1642"]
[Opening "King's Indian: Semi-Averbakh system"]
[ECO "E73"]
[NIC "KI.27"]
[Time "17:45:15"]
[PlyCount "76"]
[TimeControl "2400+10"]

1. d4 Nf6 2. c4 g6 3. Nc3 Bg7 4. e4 d6 5. Be2 O-O 6. Be3 e5 7. d5 Nbd7 8. b4
Ne8 9. c5 f5 10. f3 fxe4 11. fxe4 Qe7 12. Nf3 dxc5 13. bxc5 Nxc5 14. O-O Nf6
15. Qc2 b6 16. Bc4 Kh8 17. Rfe1 Nb7 18. Rad1 Nd6 19. Bb5 Bg4 20. Rf1 Nh5 21.
Bg5 Qf7 22. Bc6 Rac8 23. h3 Bxf3 24. Rxf3 Qg8 25. Rdf1 Rxf3 26. Rxf3 Rf8 27.
Qe2 h6 28. Bh4 Nf4 29. Qa6 g5 30. Bf2 Qf7 31. Kh2 Qh5 32. g4 Qg6 33. Qa4 a5
34. Bd7 Bf6 35. Qc6 Bd8 36. Qa4 Qh7 37. Bf5 Qg7 38. Rg3 Ne8
{White forfeits on time}
0-1

[Event "ICC tourney 2876 (40 10)"]
[Site "Internet Chess Club"]
[Date "2022.04.09"]
[Round "4"]
[White "YU, AVERY:Averyyu321"]
[Black "Mason, Mike W:MikeWMason"]
[Result "1-0"]
[ICCResult "Black resigns"]
[WhiteElo "1669"]
[BlackElo "1500"]
[Opening "Four knights: Spanish variation"]
[ECO "C48"]
[NIC "KP.03"]
[Time "17:45:47"]
[PlyCount "75"]
[TimeControl "2400+10"]

1. e4 e5 2. Nf3 Nf6 3. Nc3 Nc6 4. Bb5 Bd6 5. O-O O-O 6. d3 a6 7. Bc4 b5 8.
Bb3 Na5 9. Bg5 h6 10. Bh4 g5 11. Nxg5 hxg5 12. Bxg5 Be7 13. Bh6 Kh7 14. Bxf8
Qxf8 15. Qf3 d6 16. Nd5 Nxb3 17. Nxf6+ Bxf6 18. axb3 Qh6 19. Kh1 Be6 20. Rg1
Rg8 21. g4 Bg5 22. Rxa6 Bf4 23. h3 Qh4 24. Kg2 d5 25. Kf1 Bc8 26. Ra8 Bxg4
27. Rxg4 Rxg4 28. Qxg4 Qxg4 29. hxg4 dxe4 30. dxe4 Bd2 31. Ra7 Kg6 32. Rxc7
Bc1 33. c4 bxc4 34. Rxc4 Bxb2 35. b4 Kf6 36. b5 Bd4 37. Rxd4 exd4 38. b6
{Black resigns}
1-0

[Event "ICC tourney 2876 (40 10)"]
[Site "Internet Chess Club"]
[Date "2022.04.09"]
[Round "4"]
[White "VALE CRUZ, ARMIN:trucker"]
[Black "DAS, ADITEYA:AdiD"]
[Result "1-0"]
[ICCResult "Black resigns"]
[WhiteElo "1623"]
[BlackElo "1492"]
[Opening "French: Steinitz variation"]
[ECO "C11"]
[NIC "FR.04"]
[Time "17:46:09"]
[PlyCount "115"]
[TimeControl "2400+10"]

1. e4 e6 2. d4 d5 3. Nc3 Nf6 4. e5 Nfd7 5. f4 c5 6. Nf3 Nc6 7. a3 Qb6 8. Be3
cxd4 9. Nxd4 Bc5 10. Na4 Qa5+ 11. c3 Bxd4 12. Bxd4 Nxd4 13. Qxd4 Nb8 14. Qb4
Qxb4 15. axb4 Nd7 16. Bd3 a6 17. Kd2 b5 18. Nc5 Nxc5 19. bxc5 Bb7 20. Rhe1
O-O 21. g4 Rfd8 22. b4 d4 23. Be4 dxc3+ 24. Kxc3 Bd5 25. Rad1 Bxe4 26. Rxd8+
Rxd8 27. Rxe4 Kf8 28. Rd4 Ke7 29. Rd6 Ra8 30. Rb6 Ra7 31. f5 exf5 32. gxf5
a5 33. Rxb5 axb4+ 34. Rxb4 Kd7 35. Kd4 Ra1 36. Rb7+ Kc6 37. Rxf7 Rd1+ 38.
Kc4 Rc1+ 39. Kd4 Rd1+ 40. Kc3 Rc1+ 41. Kb4 Rb1+ 42. Kc3 Rc1+ 43. Kd4 Rd1+
44. Ke4 Re1+ 45. Kf4 Rf1+ 46. Kg5 Rg1+ 47. Kh5 g6+ 48. fxg6 hxg6+ 49. Kh6
Kxc5 50. Rd7 Rg2 51. h4 Re2 52. Kxg6 Rxe5 53. h5 Kc6 54. Rf7 Re1 55. Rf5
Re6+ 56. Rf6 Kd5 57. Rxe6 Kxe6 58. h6 {Black resigns} 1-0